Map: 사이버 포레스트 - 래더

Players

Probe

  • Race: Protoss Protoss
  • Spawn Location: 5:00

gumiho - Winner!

  • Race: Terran Terran
  • Spawn Location: 11:00

Event: IEM Season 13: Katowice (2019)

VOD

Have the link to the VOD?

Description

Time

  • Played on: Feb. 26, 2019, 5:58 a.m.
  • Length: 7:49

All games in this series

Show
View Real Time Build Order
Export as new Build Order

Probe Protoss 

Build Orders: 1 Gate Expand, Blink Stalkers 

Get SALT Encoding   

  12  0:00  Probe  
  13  0:12  Probe  
  14  0:17  Pylon  
  14  0:24  Probe  
  15  0:32  Probe  
  15  0:37  Gateway  
  15  0:40  Probe  
  16  0:46  Assimilator  
  17  0:51  Probe  
  18  1:03  Probe  
  19  1:15  Probe  
  20  1:24  Nexus  
  20  1:34  Cybernetics Core  
  20  1:37  Probe  
  21  1:41  Assimilator  
  21  1:49  Probe  
  21  1:51  Pylon  
  22  2:00  Probe  
  23  2:01  Adept  
  23  2:08  Probe  
  23  2:11  Warp Gate  
  26  2:17  Probe  
  26  2:22  Twilight Council  
  27  2:27  Probe  
  28  2:35  Probe  
  26  2:37  Stalker  
  26  2:39  Probe  
  26  2:43  Probe  
  31  2:51  Probe  
  31  2:53  Probe  
  33  3:00  Blink  
  33  3:03  Probe  
  35  3:05  Probe  
  35  3:16  Probe  
  35  3:17  Probe  
  37  3:20  Robotics Facility  
  37  3:28  Probe  
  37  3:29  Probe  
  37  3:32  Gateway  
  39  3:34  Gateway  
  39  3:38  Probe  
  39  3:39  Probe  
  40  3:43  Pylon  
  40  3:46  Probe  
  40  3:47  Probe  
  41  3:54  Probe  
  43  3:56  Probe  
  43  4:01  Observer  
  43  4:02  Stalker  
  47  4:04  Pylon  
  47  4:06  Probe, Assimilator  
  47  4:09  Probe  
  50  4:19  Nexus  
  50  4:27  Stalker x2  
  52  4:32  Zealot  
  44  4:39  Probe  
  32  4:51  Stalker x2  
  34  4:52  Stalker  
  34  4:53  Probe x2  
  34  5:01  Probe  
  34  5:06  Probe  
  35  5:09  Probe  
  36  5:15  Stalker  
  36  5:18  Probe  
  36  5:20  Probe  
  38  5:25  Observer  
  38  5:27  Probe  
  38  5:28  Probe  
  38  5:34  Probe  
  38  5:35  Probe  
  41  5:36  Probe  
  43  5:44  Probe  
  43  5:46  Probe x2  
  46  5:54  Probe  
  46  5:55  Robotics Bay  
  46  5:56  Probe  
  47  5:58  Probe  
  47  6:02  Probe  
  47  6:03  Sentry  
  47  6:04  Sentry  
  53  6:07  Probe  
  53  6:10  Probe  
  56  6:12  Probe  
  56  6:15  Probe  
  56  6:18  Pylon  
  57  6:22  Probe  
  57  6:23  Probe  
  57  6:24  Probe  
  60  6:31  Pylon  
  61  6:33  Disruptor  
  61  6:35  Probe, Assimilator  
  61  6:36  Probe  
  61  6:37  Probe  
  64  6:44  Probe  
  67  6:48  Probe  
  67  6:49  Stalker x2, Probe  
  67  6:52  Probe  
  74  6:55  Pylon  
  74  7:00  Probe  
  76  7:03  Gateway  
  76  7:05  Gateway  
  76  7:07  Pylon  
  76  7:16  Probe  
  76  7:17  Probe  
  76  7:19  Stalker  
  76  7:20  Stalker x2  
  84  7:29  Probe  
  59  7:43  Stalker  
Show
View Real Time Build Order
Export as new Build Order

gumiho Terran - Winner!

Build Orders: Reaper Expand 

Get SALT Encoding   

  12  0:00  SCV  
  13  0:12  SCV  
  14  0:17  Supply Depot  
  14  0:24  SCV  
  15  0:38  SCV  
  15  0:40  Barracks  
  16  0:43  Refinery  
  16  0:50  SCV  
  17  1:03  SCV  
  18  1:15  SCV  
  19  1:27  Reaper, Orbital Command  
  20  1:41  Command Center  
  20  1:49  Supply Depot  
  20  1:52  SCV  
  21  1:59  Marine  
  22  2:04  SCV  
  22  2:08  Factory  
  23  2:13  Refinery  
  23  2:17  SCV  
  23  2:18  Marine  
  25  2:29  SCV  
  26  2:37  Barracks Tech Lab  
  26  2:41  SCV  
  27  2:52  Starport, Hellion  
  27  2:54  SCV  
  27  2:57  Orbital Command  
  32  2:58  Marauder  
  32  3:06  SCV  
  33  3:13  Hellion  
  33  3:17  Supply Depot  
  33  3:19  Marauder, SCV  
  38  3:24  SCV  
  39  3:28  Medivac  
  39  3:30  Concussive Shells  
  39  3:32  SCV  
  42  3:35  Supply Depot  
  42  3:39  Hellion  
  44  3:43  Marauder  
  44  3:45  SCV  
  44  3:46  SCV  
  48  3:57  SCV  
  48  3:58  SCV  
  48  3:59  Barracks, Starport Reactor  
  48  4:01  Factory Tech Lab  
  50  4:09  Marine, SCV, Supply Depot  
  52  4:10  SCV  
  53  4:20  Siege Tank  
  53  4:21  SCV  
  53  4:22  SCV  
  58  4:24  Barracks  
  56  4:43  Marauder  
  56  4:44  SCV x2  
  58  4:55  Starport Reactor  
  58  4:56  SCV x2  
  58  4:59  Command Center  
  56  5:02  Siege Tank  
  56  5:03  Stimpack  
  56  5:04  Bunker  
  58  5:08  SCV x2  
  58  5:17  Engineering Bay, Marine  
  58  5:18  Refinery, Marine x2  
  58  5:20  SCV x2  
  58  5:32  Barracks, SCV x2  
  60  5:35  Barracks  
  60  5:36  Supply Depot  
  59  5:44  Terran Infantry Weapons Level 1, SCV x2  
  59  5:45  Marine  
  59  5:46  Marine  
  59  5:47  Refinery, Factory Reactor, Marine x2  
  65  5:56  Combat Shield  
  65  5:57  SCV x2  
  65  6:00  Supply Depot  
  67  6:05  Marauder x2  
  67  6:06  Marine x2  
  67  6:11  Orbital Command  
  73  6:13  Supply Depot  
  73  6:14  Medivac x2  
  77  6:21  Barracks Tech Lab  
  77  6:22  Barracks Reactor  
  77  6:25  Widow Mine, Marine x2  
  81  6:27  Missile Turret, Widow Mine, Supply Depot  
  81  6:29  SCV  
  81  6:30  SCV  
  85  6:33  Marauder  
  85  6:35  Marauder  
  89  6:41  Marauder, Orbital Command  
  89  6:46  Widow Mine  
  93  6:48  Widow Mine, Medivac  
  93  6:52  Missile Turret, Marine x2  
  99  6:57  Medivac  
  99  7:01  Marauder x2, Marine x2  
  105  7:03  SCV  
  105  7:05  SCV  
  109  7:09  SCV  
  109  7:13  Supply Depot  
  109  7:14  Supply Depot  
  113  7:30  Marine  
  113  7:31  Marine  

Tags
 
Add a new tag
Caveats
  • Supply blocks, unpowered buildings, or Contaminate may cause inaccurate times.
  • Supply counts are checked every 10 seconds.